 Dungeon Crawl Stone Soup version 0.20.1-1-g8b1a95d (webtiles) character file.

1068 letownia2 the Grave Robber (level 8, -4/102 HPs)
             Began as a Deep Dwarf Necromancer on Oct 28, 2017.
             Was an Initiate of Gozag.
             Slain by Menkaure (8 damage)
             ... on level 5 of the Dungeon.
             The game lasted 00:16:03 (5573 turns).

letownia2 the Grave Robber (Deep Dwarf Necromancer) Turns: 5573, Time: 00:16:04

Health: -4/102     AC: 22    Str: 14    XL:     8   Next: 7%
Magic:  15/15      EV:  2    Int: 18    God:    Gozag
Gold:   1021       SH:  0    Dex: 13    Spells: 13/17 levels left

rFire    . . .     SeeInvis .   a - +0 short sword
rCold    . . .     Gourm    .   (no shield)
rNeg     + + +     Faith    .   (armour currently unavailable)
rPois    +         Spirit   .   (helmet currently unavailable)
rElec    .         Reflect  .   (cloak currently unavailable)
rCorr    .         Harm     .   (gloves currently unavailable)
MR       +....     NoTele   +   (boots currently unavailable)
Stlth    ++........             (no amulet)
Regen    0.0/turn               q - -2 ring of protection (curse)
MPRegen  0.2/turn               u - ring of wizardry

@: tree-form, non-regenerating
A: damage resistance, heal wounds, mutation resistance 1, sense surroundings 1,
strong 1, no regeneration
a: Heal Wounds, Potion Petition, Call Merchant, Bribe Branch, Renounce Religion


You were on level 5 of the Dungeon.
You worshipped Gozag.
Gozag was most pleased with you.
You were not hungry.
You were a tree.
You visited 2 branches of the dungeon, and saw 7 of its levels.

You collected 1113 gold pieces.
You paid 92 gold pieces to Gozag.

Inventory:

Hand Weapons
 a - a +0 short sword (weapon)
 s - a +1 hand axe
 v - a +1 vampiric hand axe
 C - a +0 hunting sling
 I - a +0 war axe
Missiles
 f - 77 sling bullets
 r - 28 poisoned needles
 B - a stone (quivered)
 D - 6 curare-tipped needles
Armour
 m - a +0 leather armour
 t - a +0 scale mail (melded)
 w - a +1 pair of boots (melded)
 H - a +0 helmet (melded)
 J - a +0 pair of gloves (melded)
Jewellery
 q - a cursed -2 ring of protection (left branch)
 u - a ring of wizardry (right branch)
Wands
 n - a wand of paralysis (0/24)
Scrolls
 g - a scroll of enchant weapon
 h - a scroll of identify
 j - 3 scrolls of teleportation
 k - a scroll of random uselessness {unknown}
 p - a scroll of immolation {unknown}
 x - a scroll of recharging {unknown}
 y - 3 scrolls of remove curse {unknown}
 G - a scroll of brand weapon {unknown}
Potions
 d - a potion of agility
 o - 3 potions of cancellation
Books
 b - a book of Necromancy

   Spells                             Type                      Level
   a - Pain                           Necromancy                   1
   b - Animate Skeleton               Necromancy                   1
   c - Vampiric Draining              Necromancy                   3
   d - Regeneration                   Charms/Necromancy            3
   e - Animate Dead                   Necromancy                   4
   f - Control Undead                 Necromancy                   4
 A - a book of Cantrips

   Spells                             Type                      Level
   a - Confusing Touch                Hexes                        1
   b - Animate Skeleton               Necromancy                   1
   c - Summon Small Mammal            Summoning                    1
   d - Apportation                    Translocation                1
Comestibles
 c - 4 bread rations
 E - a meat ration


   Skills:
 - Level 2.7 Fighting
 + Level 2.4 Axes
 - Level 2.1 Armour
 - Level 2.1 Dodging
 - Level 2.4 Stealth
 + Level 5.3 Spellcasting
 - Level 7.4 Necromancy


You had 13 spell levels left.
You knew the following spells:

 Your Spells              Type           Power        Failure   Level  Hunger
a - Pain                  Necr           ####         1%          1    None
v - Vampiric Draining     Necr           ####......   1%          3    ##.....


Dungeon Overview and Level Annotations

Branches:
Dungeon (6/15)             Temple (1/1) D:4

Altars:
Cheibriados
Dithmenos
Gozag
Hepliaklqana
Kikubaaqudgha
Makhleb
Okawaru
Qazlal
Ru
Sif Muna
Yredelemnul

Annotations:
D:5 Menkaure


Innate Abilities, Weirdness & Mutations

You are resistant to damage.
You can heal yourself by infusing magical energy.
You passively map a small area around you.
You do not regenerate.
You are somewhat resistant to further mutation.
Your muscles are strong. (Str +2)


Message History

Unknown command.
You hit Menkaure but do no damage.
Menkaure is heavily damaged.
Menkaure hits you but does no damage. Menkaure hits you.
* * * LOW HITPOINT WARNING * * *
Unknown command.
You hit Menkaure.
Menkaure is severely damaged.
Menkaure hits you.
* * * LOW HITPOINT WARNING * * *
Unknown command.
You barely miss Menkaure.
Menkaure is severely damaged.
Menkaure hits you but does no damage.
Unknown command.
You barely miss Menkaure.
Menkaure is severely damaged.
Menkaure hits you!
You die...
Your body crumbles into a pile of gold.

#.##............# *
*
#.#.##..#####.#.#.#
* #.#.##..# #.#.#.#
, #.#.##..###
#.#.#.# *
#.#.##....# #.#.#.#
##.# #.#.#...#.#
#.#.#.# #...#
#.#..###.!# #.#.# *
...(##M#..# *..#
,#.#.#
.(..%..$.♣..# ..# ,
,#.#
#......#..[#...#.#
#.#
.............%... ,
, #.# #
...#.#.#.#####.#.
*#.# # #.
#.##.#.#.# *** # *
#.# #.#.#
##.#....#.., *
.#####..
#....##....######
......... #.
#..#..#....#
........#
#.#*#.......#.# *
.########


You could see Menkaure.

Vanquished Creatures
  An ice beast (D:4)
  An ogre (D:4)
  3 big kobolds (D:4)
  Blork the orc (D:5)
  A scorpion (D:4)
  A jelly (D:5)
  2 orc priests (D:5)
  A gnoll shaman (D:4)
  2 orc wizards
  3 iguanas
  9 gnolls (D:4)
  A howler monkey skeleton (D:4)
  6 adders
  A shadow imp (D:5)
  An ooze (D:5)
  An adder skeleton (D:4)
  A worm (D:4)
  2 dart slugs
  A leopard gecko (D:5)
  19 orcs
  5 giant cockroaches
  24 goblins
  24 hobgoblins
  6 jackals (D:4)
  A quokka (D:4)
  5 bats
  3 frilled lizards
  A giant cockroach zombie (D:5)
  9 kobolds
  5 rats
141 creatures vanquished.

Notes
Turn   | Place    | Note
-------+----------+-------------------------------------------
     0 | D:1      | letownia2 the Deep Dwarf Necromancer began the quest for the Orb.
     0 | D:1      | Reached XP level 1. HP: 15/15 MP: 3/3
   334 | D:2      | Reached XP level 2. HP: 16/22 MP: 0/5
   553 | D:2      | Reached XP level 3. HP: 12/28 MP: 2/6
   558 | D:2      | Learned a level 3 spell: Vampiric Draining
   979 | D:4      | Found a staircase to the Ecumenical Temple.
   985 | D:4      | Noticed an ice beast
   999 | D:4      | Killed an ice beast
   999 | D:4      | Reached skill level 5 in Necromancy
   999 | D:4      | Reached XP level 4. HP: 26/36 MP: 1/9
  1005 | Temple   | Entered the Ecumenical Temple
  1333 | Temple   | Became a worshipper of Gozag Ym Sagoz the Greedy
  1362 | D:4      | Reached XP level 5. HP: 31/42 MP: 8/10
  1489 | D:3      | Found a burning altar of Makhleb.
  1587 | D:3      | Reached skill level 6 in Necromancy
  2504 | D:4      | Noticed an ogre
  2522 | D:4      | Killed an ogre
  2579 | D:2      | Reached XP level 6. HP: 43/49 MP: 8/11
  2633 | D:2      | Reached skill level 7 in Necromancy
  2829 | D:2      | Found a basalt altar of Yredelemnul.
  3829 | D:4      | Reached skill level 1 in Fighting
  3829 | D:4      | Reached skill level 1 in Armour
  4228 | D:4      | Reached XP level 7. HP: 48/58 MP: 7/12
  5027 | D:5      | Entered Level 5 of the Dungeon
  5126 | D:5      | Reached skill level 5 in Spellcasting
  5168 | D:5      | Reached skill level 1 in Axes
  5287 | D:5      | You fall through a shaft!
  5388 | D:5      | Noticed Blork the orc
  5394 | D:5      | Killed Blork the orc
  5394 | D:5      | Reached XP level 8. HP: 59/68 MP: 4/15
  5547 | D:5      | Noticed Menkaure
  5563 | D:5      | HP: 3/68 [Menkaure/nerve-wracking pain (2)]
  5567 | D:5      | Gained mutation: Your muscles are strong. (Str +2) [potion of mutation]
  5567 | D:5      | Gained mutation: You are somewhat resistant to further mutation. [potion of mutation]
  5570 | D:5      | HP: 5/102 [Menkaure (2)]
  5573 | D:5      | Slain by Menkaure

Skill      XL: |  1  2  3  4  5  6  7 |
---------------+----------------------+-----
Spellcasting   | 2 3 5 |  5.3
Necromancy     | 5 6 7 |  7.4
Fighting       | 1 2 |  2.7
Armour         | 2 |  2.1
Axes           | 2 |  2.4
Dodging        | |  2.1
Stealth        | |  2.4

Action                   |  1- 3 |  4- 6 |  7- 9 || total
-------------------------+-------+-------+-------++-------
Melee: Short sword       |     2 |    28 |    55 ||    85
       Unarmed           |     1 |       |       ||     1
 Cast: Pain              |    31 |   138 |   122 ||   291
       Vampiric Draining |     3 |     4 |     9 ||    16
Evoke: Wand              |       |     3 |     2 ||     5
  Use: Scroll            |       |     3 |       ||     3
       Potion            |       |       |     6 ||     6
 Stab: Paralysed         |       |     3 |       ||     3
  Eat: Chunk             |     1 |     1 |       ||     2
       Meat ration       |       |     1 |       ||     1
       Royal jelly       |       |     1 |     1 ||     2
       Bread ration      |       |     1 |       ||     1
       Fruit             |       |     1 |       ||     1
Armor: Robe              |     9 |     1 |       ||    10
       Scale mail        |       |    28 |    33 ||    61
       Skin              |       |       |     3 ||     3
Dodge: Dodged            |    11 |    39 |    55 ||   105
